 Dungeon Crawl Stone Soup version 0.29.0-7-g18a832c13a (webtiles) character file.

Game seed: 3384455897523119789

3523 Arcadio the Covert (level 10, -12/71 (75) HPs)
             Began as a Naga Ice Elementalist on Sept 1, 2022.
             Was a Priest of Cheibriados.
             Mangled by Maggie
             ... wielding a +2 morningstar of distortion
              (14 damage)
             ... on level 8 of the Dungeon.
             The game lasted 00:23:34 (9098 turns).

Arcadio the Covert (Naga Ice Elementalist)          Turns: 9098, Time: 00:23:34

HP:   -12/71 (75)   AC:  6    Str: 16    XL:     10   Next: 8%
MP:   21/21         EV: 13    Int: 27    God:    Cheibriados [***...]
Gold: 386           SH:  0    Dex: 17    Spells: 13/24 levels left

rFire   x x .      SeeInvis +   L - +3 dagger (vamp)
rCold   + + .      Faith    .   (no shield)
rNeg    . . .      Spirit   .   a - +0 robe
rPois   +          Reflect  .   (no helmet)
rElec   .          Harm     .   M - +0 cloak
rCorr   .          Rampage  .   O - +0 pair of gloves
Will    +....                   (no barding)
Stlth   ++........              y - amulet of regeneration
HPRegen 1.01/turn               e - ring of ice
MPRegen 0.17/turn               r - ring of ice

@: confused, ambrosia-drunk, mesmerised, drained, very slow
A: AC +3, large, see invisible, deformed body, poison resistance, slowness 2,
spit poison 1, naga tail 1
a: Spit Poison, Renounce Religion, Bend Time, Temporal Distortion


You were on level 8 of the Dungeon.
You worshipped Cheibriados.
Cheibriados was most pleased with you.
You visited 2 branches of the dungeon, and saw 9 of its levels.

You collected 386 gold pieces.

Inventory:

Hand Weapons
 f - a +0 club
 h - a +0 dagger
 v - a +3 war axe of freezing
 C - a +3 flail of protection
 G - a +0 mace of holy wrath
 J - a +2 whip of flaming
 L - a +3 vampiric dagger (weapon)
Missiles
 I - 4 throwing nets
Armour
 a - a +0 robe (worn)
 d - a +0 leather armour
 o - a +0 leather armour
 M - a +0 cloak (worn)
 O - a +0 pair of gloves (worn)
Jewellery
 e - a ring of ice (left hand)
 r - a ring of ice (right hand)
 y - an amulet of regeneration (around neck)
 A - a ring of willpower
 D - an amulet of guardian spirit
 P - a ring of resist corrosion
 Q - an amulet of reflection
Wands
 w - a wand of acid (6)
 F - a wand of polymorph (4)
 K - a wand of flame (24)
Scrolls
 g - 2 scrolls of teleportation
 j - a scroll of blinking
 k - a scroll of fear
 l - a scroll of silence {unknown}
 m - 3 scrolls of noise
 p - 5 scrolls of amnesia {unknown}
 s - a scroll of vulnerability {unknown}
 u - a scroll of acquirement {unknown}
 B - 2 scrolls of enchant weapon {unknown}
 N - a scroll of immolation {unknown}
Potions
 b - 2 potions of magic
 c - a potion of haste
 i - a potion of curing
 n - 2 potions of brilliance
 q - 2 potions of attraction
 t - a potion of ambrosia
 x - a potion of cancellation {unknown}
 z - a potion of degeneration {unknown}
 E - 2 potions of heal wounds {unknown}
 H - a potion of mutation {unknown}


   Skills:
 + Level 6.7 Dodging
 - Level 10.4 Stealth
 + Level 7.7 Spellcasting
 + Level 6.9 Ice Magic


You had 13 spell levels left.
You knew the following spells:

 Your Spells              Type           Power      Damage    Failure   Level
a - Freeze                Ice            100%       1d11      1%          1
b - Frozen Ramparts       Ice            100%       1d16      1%          3
c - Ozocubu's Armour      Ice            83%        N/A       1%          3
d - Hailstorm             Conj/Ice       60%        3d13      13%         4

Your spell library contained the following spells:

 Spells                   Type           Power      Damage    Failure   Level
 Confusing Touch          Hex            10%        N/A       16%         3
 Yara's Violent Unravell  Hex/Tmut       5%         3d4       83%         5
 Enfeeble                 Hex            5%         N/A       100%        7


Dungeon Overview and Level Annotations

Branches:
Dungeon (8/15) Zot: 40320  Temple (1/1) D:4 Zot: 8670    Lair (0/5) D:8

Altars:
Ashenzari
Cheibriados
Dithmenos
Elyvilon
Fedhas
Gozag
Hepliaklqana
Kikubaaqudgha
Makhleb
Nemelex Xobeh
Okawaru
Qazlal
Ru
Sif Muna
Trog
Uskayaw
Vehumet
Wu Jian
Xom
Yredelemnul
Zin
The Shining One

Shops:
D:3 ==

Portals:
Ossuary: D:8

Annotations:
D:8 Maggie


Innate Abilities, Weirdness & Mutations

Your serpentine skin is tough. (AC +3)
You have supernaturally acute eyesight. (SInv)
Armour fits poorly on your strangely shaped body.
Your system is resistant to poisons. (rPois)
You cover ground very slowly.
You can spit poison.
You have a snake-like lower body.


Message History

You kill the water moccasin!
Cheibriados thoroughly appreciates the change of pace.
You can now warp the flow of time around you.
The frozen ramparts melt away as you move.
You see here a +0 shortbow.
A hobgoblin zombie comes into view.
You see here a +0 dagger.
Things that are here:
an amulet of reflection; 4 stones
Q - an amulet of reflection You hit the hobgoblin zombie.
The hobgoblin zombie is heavily damaged.
The hobgoblin zombie barely misses you.
You hit the hobgoblin zombie.
You destroy the hobgoblin zombie!
Cheibriados appreciates the change of pace.
Found 16 gold pieces.
Found a black potion.
Found a sand-covered staircase.
A wight comes into view. It is wielding a +2 trident.
You see here 16 gold pieces.
Maggie the Vainglorious comes into view.
She is wielding a +2 morningstar of distortion.
Maggie shouts!
Maggie drinks a potion.
Maggie seems to grow stronger.
You hear the slow hiss of an avalanche of sand.
Maggie casts a spell at you. The bolt of fire hits you!!
The fire burns you terribly! Maggie attacks as you move away!
Maggie hits you with a +2 morningstar of distortion!
Space warps horribly around you!
* * * LOW HITPOINT WARNING * * *
Maggie mumbles some strange words.
Maggie attempts to bespell you!
You are mesmerised by Maggie!
You are confused.
You feel invigorated.
Maggie hits you with a +2 morningstar of distortion!
* * * LOW HITPOINT WARNING * * *
Space warps horribly around you!
You die...

*,* *,* *,***** #.* *,* *,,,,,,
*.## *,* ******* *..# *,* *,,,
########.#############,******,**
#........##...........,,,,,,*,*
##.#####..#..#.......#*,****,*,*
(...........##.@####.#*,* *,*,*
)........$......@..#,**,* *,*,*
.#..####..#####.∩....#*,* *,*,*
.##.# #!...............****,*,*
.##.# ##.#####.........,,,,,,,*
)##.# #.# ##......##***,**,**
.##.# #.# ##...#.# *,**,,,
....###*#.#* *..##.# *,**,,*
......!....******..#*,#****,**,,*
.##.####*,,,,,,,,,,**,,,,,,,,,,,*


You could see Maggie (mesmerising, strong).

Vanquished Creatures
  Pikel (D:5)
  Prince Ribbit (D:7)
  2 wyverns
  Menkaure (D:5)
  Edmund (D:4)
  4 water moccasins
  Duvessa (D:5)
  A black bear (D:4)
  3 centaurs
  2 lemures (D:5)
  Blork the orc (D:4)
  A bullfrog (D:7)
  A necrophage (D:5)
  2 wights (D:7)
  Dowan (D:5)
  A howler monkey (D:7)
  2 gnoll boudas (D:5)
  2 hounds
  6 jellies
  8 orc priests
  3 iguanas
  Ijyb (D:4)
  7 orc wizards
  5 adders
  12 gnolls
  A shadow imp (D:6)
  A white imp (D:6)
  3 worms
  3 dart slugs (D:1)
  16 orcs
  4 bats
  11 endoplasms
  4 giant cockroaches
  5 goblins
  9 hobgoblins
  2 jackals (D:3)
  A quokka (D:2)
  6 ball pythons
  A frilled lizard (D:1)
  A hobgoblin zombie (D:8)
  A jackal zombie (D:8)
  5 kobolds
  2 rats
146 creatures vanquished.

Vanquished Creatures (others)
  An orc wizard (D:7)
  A plant (D:4)
2 creatures vanquished.

Grand Total: 148 creatures vanquished

Notes
Turn   | Place    | Note
-------+----------+-------------------------------------------
     0 | D:1      | Arcadio the Naga Ice Elementalist began the quest for the
                  | Orb.
     0 | D:1      | Reached XP level 1. HP: 15/15 MP: 3/3
   221 | D:1      | Reached XP level 2. HP: 22/22 MP: 5/5
   931 | D:1      | Reached XP level 3. HP: 28/28 MP: 6/6
  1126 | D:1      | Reached skill level 4 in Stealth
  1207 | D:1      | Learned a level 3 spell: Frozen Ramparts
  1211 | D:1      | Learned a level 3 spell: Ozocubu's Armour
  2240 | D:2      | Reached XP level 4. HP: 36/36 MP: 5/8
  2698 | D:3      | You fall into a shaft and drop 3 floors!
  2805 | D:5      | Entered Level 5 of the Dungeon
  2944 | D:4      | Noticed a wyvern
  2959 | D:4      | Reached XP level 5. HP: 42/42 MP: 5/9
  3115 | D:3      | Reached skill level 5 in Stealth
  3595 | D:3      | Found Ydaalov's Jewellery Shoppe.
  3733 | D:3      | Found Azithref's Jewellery Shop.
  4052 | D:4      | Noticed Ijyb
  4077 | D:4      | Killed Ijyb
  4436 | D:4      | Noticed Edmund
  4448 | D:4      | Killed Edmund
  4449 | D:4      | Reached skill level 6 in Stealth
  4449 | D:4      | Reached XP level 6. HP: 12/49 MP: 0/11
  4882 | D:4      | Noticed a black bear
  4894 | D:4      | Killed a black bear
  5123 | D:4      | Noticed Blork the orc
  5129 | D:4      | Learned a level 4 spell: Hailstorm
  5135 | D:4      | Killed Blork the orc
  5136 | D:4      | Reached XP level 7. HP: 55/55 MP: 6/13
  5253 | D:4      | Killed a wyvern
  5254 | D:4      | Reached skill level 7 in Stealth
  5368 | D:4      | Found a staircase to the Ecumenical Temple.
  5407 | Temple   | Entered the Ecumenical Temple
  5453 | Temple   | Became a worshipper of Cheibriados the Contemplative
  6013 | D:5      | Noticed Menkaure
  6025 | D:5      | Killed Menkaure
  6026 | D:5      | Reached skill level 8 in Stealth
  6093 | D:5      | Reached XP level 8. HP: 62/62 MP: 8/15
  6098 | D:5      | Reached skill level 5 in Spellcasting
  6349 | D:5      | Reached skill level 9 in Stealth
  6362 | D:5      | Noticed Pikel
  6372 | D:5      | Killed Pikel
  6373 | D:5      | Reached skill level 5 in Dodging
  6373 | D:5      | Reached skill level 10 in Stealth
  6478 | D:5      | Noticed Dowan
  6481 | D:5      | Noticed Duvessa
  6482 | D:5      | Killed Dowan
  6489 | D:5      | Killed Duvessa
  6489 | D:5      | Reached * piety under Cheibriados
  6490 | D:5      | Reached XP level 9. HP: 23/68 MP: 7/18
  6655 | D:5      | Reached skill level 5 in Ice Magic
  6679 | D:5      | Found a basalt altar of Yredelemnul.
  6843 | D:5      | Found a sparkling altar of Nemelex Xobeh.
  7239 | D:6      | Reached ** piety under Cheibriados
  8180 | D:7      | Noticed Prince Ribbit
  8184 | D:7      | Killed Prince Ribbit
  8573 | D:7      | Reached *** piety under Cheibriados
  8970 | D:8      | Reached XP level 10. HP: 59/75 MP: 17/21
  9090 | D:8      | Found a sand-covered staircase.
  9091 | D:8      | Noticed Maggie
  9098 | D:8      | HP: 2/71 [Maggie/+2 morningstar of distortion (17)]
  9098 | D:8      | Mangled by Maggie

Illustrated notes

Levels and vault maps discovered:
D:1:      minmay_arrival_cross, layout_basic, chequers_serial_rivers_small_b
D:2:      layout_rooms, serial_corexii_hall, corexii_hall_statues_i,
          chequers_hall_statues_y, chequers_hall_statues_corner_a
D:3:      layout_loops_ring, serial_co_window_serial, co_window_paths_a,
          co_window_paths_a, co_window_corner_a, co_window_corner_a,
          co_window_paths_b, co_window_of_opportunity_a, co_window_paths_a,
          co_window_unsneaky_path_e, co_window_corner_ca,
          co_window_of_opportunity_c, glass_columns_b, glass_columns_b,
          glass_columns_b, glass_columns_b, glass_columns_b, serial_shops, shop,
          shop, minmay_misc_feat_cross, eino_tiny_chamber
D:4:      layout_basic, minmay_temple_entry_overgrown, uniq_edmund,
          uniq_blork_the_orc, uniq_ijyb
D:5:      layout_loops_cross, mainiacjoe_overflow_big_doors, uniq_menkaure,
          uniq_pikel, uniq_duvessa
D:6:      layout_rooms, grunt_decor_junction, water_maze_lemuel
D:7:      nicolae_cairo_tiling_very_big, layout_basic,
          nicolae_concentric_dashed_squares_mild, uniq_prince_ribbit1
D:8:      layout_loops_ring, lair_entry_dummy, enter_ossuary_3, uniq_maurice,
          uniq_maggie, uniq_joseph
Temple:   nicolae_temple_bog_church

Skill      XL: |  1  2  3  4  5  6  7  8  9 |
---------------+----------------------------+-----
Stealth        | 4 6 8 10 | 10.4
Spellcasting   | 3 4 6 7 |  7.7
Dodging        | 2 3 5 6 |  6.7
Ice Magic      | 6 |  6.9

Action                   |  1- 3 |  4- 6 |  7- 9 | 10-12 || total
-------------------------+-------+-------+-------+-------++-------
Melee: Dagger            |    21 |    54 |    81 |    25 ||   181
       Club              |     2 |       |       |       ||     2
       Punch             |     1 |     1 |     1 |     2 ||     5
 Cast: Freeze            |    33 |    13 |    43 |       ||    89
       Frozen Ramparts   |       |     9 |    20 |     3 ||    32
       Ozocubu's Armour  |       |     4 |    12 |     2 ||    18
 Abil: Spit Poison       |    19 |    11 |    14 |       ||    44
Evoke: Wand              |       |       |     2 |       ||     2
  Use: Scroll            |     3 |     3 |     4 |       ||    10
       Potion            |       |     1 |       |     1 ||     2
 Stab: Sleeping          |     3 |     4 |     9 |       ||    16
Armor: Robe              |    10 |    17 |    33 |    10 ||    70
Dodge: Dodged            |    13 |    28 |    67 |    12 ||   120
